 Dungeon Crawl Stone Soup version 0.18-a0-1577-gf591c28 (webtiles) character file.

569350 Duffy the Grand Gadgeteer (level 27, -14/224 HPs)
             Began as a Formicid Gladiator on Mar 22, 2016.
             Was the Champion of Pakellas.
             Killed from afar by a necromancer (27 damage)
             ... with a bolt of cold
             ... led by Margery
             ... on level 5 of the Vaults on Mar 24, 2016.
             The game lasted 03:56:07 (77781 turns).

Duffy the Grand Gadgeteer (Formicid Gladiator)     Turns: 77781, Time: 03:56:07

Health: -14/224    AC: 42    Str: 26    XL:     27
Magic:  25/40      EV: 25    Int: 12    God:    Pakellas [******]
Gold:   1486       SH: 15    Dex: 20    Spells: 0 memorised, 26 levels left

rFire  . . .     SeeInvis +     s - +5 rod of inaccuracy (15/15)
rCold  . . .     Gourm    .     f - +8 orange crystal plate armour {Archmagi, Int+3 Clar SustAt}
rNeg   . . .     Faith    .     i - +2 shield
rPois  .         Spirit   .     (helmet unavailable)
rElec  .         Dismiss  .     h - +2 cloak of the Thief {+Fog Slay-2 SInv Stlth+}
rCorr  .         Reflect  .     U - +2 pair of gloves {Str+3}
SustAt +         Harm     .     O - +2 pair of boots
MR     ++...     Clarity  +     y - amulet of regeneration
Stlth  ..........               A - +4 ring of protection
                                D - +6 ring of evasion

@: lethally poisoned (-14 -> -66), flayed, corroded equipment, very resistant to
hostile enchantments, extremely unstealthy
A: permanent stasis, dig shafts and tunnels, four strong arms, antennae 3
a: Dig, Shaft Self, Quick Charge, Device Surge, Renounce Religion, Evoke Fog
}: 2/15 runes: barnacled, gossamer


You were on level 5 of the Vaults.
You worshipped Pakellas.
Pakellas was exalted by your worship.
You were not hungry.

You visited 10 branches of the dungeon, and saw 50 of its levels.
You visited 3 bazaars.

You collected 6534 gold pieces.
You spent 5048 gold pieces at shops.


Innate Abilities, Weirdness & Mutations

You are under a permanent stasis effect.
You can dig through walls and to a lower floor.
Your four strong arms can wield two-handed weapons with a shield.
You have a pair of large antennae on your head (SInv).


   Skills:
 - Level 20.2 Fighting
 - Level 16.0 Maces & Flails
 - Level 2.0 Throwing
 - Level 20.0 Armour
 + Level 20.5 Dodging
 - Level 9.5 Shields
 O Level 27 Evocations


You had 26 spell levels left.
You didn't know any spells.

Inventory:

Hand Weapons
 a - a +9 eveningstar of freezing
Missiles
 k - 8 throwing nets (quivered)
Armour
 f - the +8 orange crystal plate armour (worn) {Archmagi, Int+3 Clar SustAt}

   It affects your intelligence (+3).
   It sustains your strength, intelligence and dexterity.
   It protects you against confusion.
 h - the +2 cloak of the Thief (worn) {+Fog Slay-2 SInv Stlth+}

   It affects your accuracy and damage with ranged weapons and melee attacks
   (-2).
   It lets you see invisible.
   It can be evoked to emit clouds of fog.
   It makes you more stealthy.
 i - a +2 shield (worn)
 O - a +2 pair of boots (worn)
 U - a +2 pair of gloves of strength (worn)
Rods
 b - a +10 rod of shadows (9/18)
 d - a +7 iron rod (12/12)
 s - a +5 rod of inaccuracy (15/15) (weapon)
 x - a +5 rod of clouds (4/13)
Jewellery
 m - an uncursed ring of protection from fire
 p - an uncursed ring of resist corrosion
 u - an uncursed ring of positive energy
 y - an amulet of regeneration (around neck)
 A - a +4 ring of protection (right hand)
 D - a +6 ring of evasion (left hand)
 F - an uncursed ring of protection from cold
 P - an uncursed ring of poison resistance
Wands
 c - a wand of paralysis (12/24)
 E - a wand of iceblast (11/15)
 G - a wand of lightning (9/15)
 H - a wand of acid (9/15)
 S - a wand of enslavement (6/24)
 W - a wand of heal wounds (1/9)
Scrolls
 e - 28 scrolls of remove curse
 g - 15 scrolls of fog
 l - 5 scrolls of summoning
 w - 9 scrolls of magic mapping
 C - a scroll of holy word
 J - 8 scrolls of immolation
 N - 24 scrolls of identify
 Q - 5 scrolls of vulnerability
 V - 5 scrolls of fear
 Z - 8 scrolls of recharging
Potions
 j - 12 potions of might
 n - 5 potions of agility
 o - 14 potions of curing
 q - 3 potions of resistance
 r - 2 potions of invisibility
 I - 6 potions of cancellation
 M - 91 potions of magic
 R - 9 potions of ambrosia
Miscellaneous
 z - 2 phantom mirrors
 B - a fan of gales
 K - a lamp of fire
 L - a stone of tremors
 X - a phial of floods
Comestibles
 t - 15 meat rations
 v - 22 bread rations

Dungeon Overview and Level Annotations

Branches:
Dungeon (15/15)            Temple (1/1) D:5            Lair (8/8) D:8
 Shoals (4/4) Lair:5       Spider (4/4) Lair:5        Slime (0/6) Lair:7
    Orc (2/2) D:11            Elf (3/3) Orc:2        Vaults (5/5) D:14
  Crypt (3/3) Vaults:3       Tomb (0/3) Crypt:3      Depths (5/5) D:15
    Zot (0/5) Depths:5

Altars:
Ashenzari
Cheibriados
Dithmenos
Elyvilon
Fedhas
Gozag
Kikubaaqudgha
Makhleb
Nemelex Xobeh
Okawaru
Pakellas
Qazlal
Ru
Sif Muna
Trog
Vehumet
Xom
Yredelemnul
Zin
The Shining One

Shops:
Orc:2 =%([   Shoals:2 %   Vaults:3 ?   Vaults:4 ?(![(   Depths:1 %
Depths:3 (?%%   Depths:5 %(%

Portals:
Hell: Lair:8 Depths:1 Depths:2 Depths:3 Depths:4 Depths:5
Abyss: Depths:1 Depths:2 Depths:3 Depths:4
Pandemonium: Depths:1 Depths:3
Ziggurat: Depths:3


Message History

The tentacled monstrosity tentacle-slaps you but does no damage.
You block the tentacled monstrosity's attack. x2
The tentacled monstrosity constricts you.
The hell hound is engulfed in acidic fog.
The acid corrodes the hell hound!
Aiming: Bolt of Inaccuracy
Press: ? - help, Shift-Dir - straight line, f - hell hound
Aim: a hell hound shaped shifter (acidic fog, heavily wounded, covered in acid)
Okay, then.
Really walk into that cloud of acidic fog?
You escape the tentacled monstrosity's grasp.
You are engulfed in acidic fog.
The acid corrodes you!
The acid burns!
You feel extremely sick.
The battlesphere dissipates.
The hell hound changes into a worm!
You block the jumping spider's attack. The jumping spider misses you.
The tengu reaver gestures wildly while chanting.
The tengu reaver conjures a globe of magical energy!
The jumping spider pounces on you but does no damage.
You block the jumping spider's attack.
A battlesphere comes into view.
Items here: %%% ) [ an enchanted battleaxe; a runed fire dragon armour; the human corpse of Margery a titan corpse; a quicksilver dragon corpse You are engulfed in acidic fog.
The acid corrodes you!
The acid burns!
You feel extremely sick.
You block the jumping spider's attack. x2
Items here: % ( )) [ a long sword; an arbalest; 11 bolts; a ring mail; a human corpse You are engulfed in acidic fog.
The acid corrodes you!
The acid burns!
You feel very sick.
The jumping spider leaps!
The necromancer points at you and mumbles some strange words.
The bolt of cold hits you!
You die...
Pakellas says: Time to find a new assistant...

..# { #..# { ....#
###################s...#
W00...0c.QHQp0(w.......#
0C.000.Cp**Q*0090cp....#
Q.0.HppW00X000.0000.0..#
E000Q..C000(00X0@.000..#
###################0...#
{ { { 0..# { ..# { {


You could see 2 tentacled monstrosities, a sphinx, a vault warden, 3 tengu
reavers, a yaktaur captain, a war gargoyle, a necromancer, a jumping spider
shaped shifter, a worm shaped shifter and 3 battlespheres.

Action                   |  1- 3 |  4- 6 |  7- 9 | 10-12 | 13-15 | 16-18 | 19-21 | 22-24 | 25-27 || total
-------------------------+-------+-------+-------+-------+-------+-------+-------+-------+-------++-------
Melee: Flail             |    93 |   269 |   289 |       |       |       |       |       |       ||   651
       Dire flail        |       |       |    77 |  1308 |  1921 |   268 |       |       |       ||  3574
       Eveningstar       |       |       |       |       |       |  1298 |  1458 |  1516 |  2289 ||  6561
 Fire: Blowgun           |       |       |       |       |       |     5 |       |       |       ||     5
Throw: Throwing net      |       |       |       |       |       |       |     5 |       |       ||     5
Invok: Quick Charge      |       |       |       |       |     5 |       |     1 |     1 |     1 ||     8
       Device Surge      |       |       |       |       |       |       |       |       |     1 ||     1
       Supercharge       |       |       |       |       |       |       |       |       |     1 ||     1
 Abil: Dig               |     1 |       |     9 |    15 |    26 |    50 |    34 |     9 |    57 ||   201
Evoke: Wand              |       |       |       |    13 |    29 |    12 |     3 |       |    13 ||    70
       Rod               |       |       |       |       |    28 |    94 |    60 |   109 |   216 ||   507
       Fan of gales      |       |       |       |       |       |       |     1 |     1 |     1 ||     3
       Lamp of fire      |       |       |       |       |       |       |     1 |     1 |     1 ||     3
       Phial of floods   |       |       |       |       |       |       |       |     1 |     1 ||     2
  Use: Scroll            |       |     5 |     5 |     4 |    15 |    13 |     8 |     7 |    10 ||    67
       Potion            |       |     1 |       |     1 |       |     1 |     2 |     6 |     8 ||    19
 Stab: Sleeping          |       |     2 |       |       |       |       |       |       |       ||     2
       Paralysed         |       |       |       |       |       |     7 |       |       |       ||     7
       Held in net/web   |       |       |       |       |       |       |     4 |       |       ||     4
       Distracted        |       |       |       |       |       |       |       |     2 |     5 ||     7
  Eat: Chunk             |     4 |    15 |    12 |    29 |    59 |    60 |    36 |    38 |    38 ||   291
       Fruit             |       |       |       |       |       |    20 |    14 |     3 |     7 ||    44
       Royal jelly       |       |       |       |       |       |       |     2 |    16 |     2 ||    20
       Bread ration      |       |       |       |       |       |       |     1 |       |     6 ||     7
       Meat ration       |       |       |       |       |       |       |     1 |       |     4 ||     5
       Beef jerky        |       |       |       |       |       |       |       |       |     1 ||     1

Notes
Turn   | Place    | Note
--------------------------------------------------------------
     0 | D:1      | Duffy the Formicid Gladiator began the quest for the Orb.
     0 | D:1      | Reached XP level 1. HP: 16/16 MP: 1/1
   212 | D:1      | Reached XP level 2. HP: 20/23 MP: 2/2
   843 | D:1      | Reached XP level 3. HP: 24/28 MP: 3/3
  1753 | D:2      | Reached skill level 1 in Shields
  1803 | D:2      | Reached skill level 4 in Maces & Flails
  1803 | D:2      | Reached XP level 4. HP: 34/34 MP: 4/4
  1947 | D:2      | Found a faded altar to an unknown god.
  2159 | D:2      | Reached skill level 2 in Shields
  2767 | D:3      | Reached XP level 5. HP: 36/40 MP: 5/5
  2898 | D:3      | Found a stormy altar of Qazlal.
  3234 | D:3      | Reached skill level 3 in Shields
  3462 | D:4      | Noticed Pikel
  3462 | D:4      | Noticed a slave
  3462 | D:4      | Noticed a slave
  3462 | D:4      | Noticed a slave
  3462 | D:4      | Noticed a slave
  3504 | D:3      | Killed a slave
  3513 | D:3      | Killed a slave
  4091 | D:2      | Killed a slave
  4219 | D:4      | Noticed Natasha
  4223 | D:4      | Killed Natasha
  4455 | D:3      | Killed Pikel
  4455 | D:3      | Reached skill level 6 in Maces & Flails
  4455 | D:3      | Reached skill level 6 in Shields
  4455 | D:3      | Reached XP level 6. HP: 46/46 MP: 6/6
  4455 | D:3      | Reached XP level 7. HP: 51/51 MP: 7/7
  4528 | D:4      | Noticed Natasha
  4532 | D:4      | Killed Natasha
  4546 | D:4      | Noticed Menkaure
  4562 | D:4      | Killed Menkaure
  4562 | D:4      | Reached XP level 8. HP: 40/57 MP: 8/8
  4713 | D:4      | Reached skill level 7 in Maces & Flails
  4713 | D:4      | Reached skill level 7 in Shields
  5025 | D:4      | Noticed Natasha
  5044 | D:4      | Killed Natasha
  5397 | D:5      | Entered Level 5 of the Dungeon
  5706 | D:5      | Reached skill level 8 in Shields
  5863 | D:5      | Found a staircase to the Ecumenical Temple.
  5872 | Temple   | Entered the Ecumenical Temple
  5879 | Temple   | Became a worshipper of Pakellas the Inventive
  5972 | D:5      | Reached skill level 8 in Maces & Flails
  6036 | D:5      | Reached XP level 9. HP: 58/62 MP: 9/9
  6124 | D:5      | Found a sacrificial altar of Ru.
  6490 | D:6      | Reached skill level 9 in Shields
  6692 | D:6      | Reached skill level 9 in Maces & Flails
  6694 | D:6      | Reached * piety under Pakellas
  6708 | D:6      | Reached skill level 3 in Fighting
  6900 | D:6      | Identified the Reference Book on the Glacier (You found it on level 6 of the Dungeon)
  7010 | D:6      | Reached skill level 4 in Fighting
  7391 | D:6      | Found a deep blue altar of Sif Muna.
  7768 | D:3      | Reached skill level 1 in Armour
  7890 | D:7      | Reached XP level 10. HP: 73/73 MP: 10/10
  7985 | D:7      | Reached skill level 2 in Armour
  8089 | D:7      | Reached ** piety under Pakellas
  8089 | D:7      | Received a gift from Pakellas
  8157 | D:7      | Reached skill level 10 in Maces & Flails
  8196 | D:7      | Reached skill level 3 in Armour
  8671 | D:8      | Reached skill level 4 in Armour
  8671 | D:8      | Reached skill level 1 in Evocations
  8733 | D:7      | Reached skill level 2 in Evocations
  8901 | D:8      | Reached skill level 5 in Armour
  9119 | D:8      | Found a staircase to the Lair.
  9155 | D:8      | Reached skill level 6 in Armour
  9155 | D:8      | Reached skill level 3 in Evocations
  9188 | D:8      | Reached *** piety under Pakellas
  9365 | D:8      | Reached skill level 4 in Evocations
  9542 | D:8      | Reached XP level 11. HP: 78/78 MP: 14/14
  9629 | D:8      | Reached skill level 11 in Maces & Flails
  9812 | D:8      | Reached **** piety under Pakellas
  9812 | D:8      | Received a gift from Pakellas
  9812 | D:8      | Reached skill level 5 in Evocations
 10418 | D:9      | Reached skill level 6 in Evocations
 10704 | D:9      | Reached skill level 7 in Evocations
 10734 | D:9      | Reached ***** piety under Pakellas
 11185 | D:9      | Reached skill level 12 in Maces & Flails
 11212 | D:9      | Noticed Erica
 11252 | D:9      | Killed Erica
 11559 | D:9      | Reached skill level 8 in Evocations
 11756 | D:9      | Found a glowing silver altar of Zin.
 11910 | D:10     | Entered Level 10 of the Dungeon
 12643 | D:10     | Reached XP level 12. HP: 84/84 MP: 18/18
 12997 | D:11     | Reached skill level 5 in Fighting
 13270 | D:11     | Noticed Grum
 13355 | D:10     | Killed Grum
 13835 | D:11     | Reached skill level 7 in Armour
 13929 | D:11     | Reached skill level 6 in Fighting
 14120 | D:11     | Reached skill level 13 in Maces & Flails
 14136 | D:11     | Found a staircase to the Orcish Mines.
 14467 | Orc:1    | Entered Level 1 of the Orcish Mines
 14623 | Orc:1    | Reached ****** piety under Pakellas
 15089 | Orc:2    | Entered Level 2 of the Orcish Mines
 15706 | Orc:2    | Noticed a deep troll
 15790 | Orc:1    | Reached skill level 14 in Maces & Flails
 15921 | Orc:2    | Noticed an ogre mage
 15988 | Orc:1    | Killed a deep troll
 15988 | Orc:1    | Reached XP level 13. HP: 33/94 MP: 19/19
 16060 | Orc:1    | Noticed a stone giant
 16277 | Lair:1   | Entered Level 1 of the Lair of Beasts
 16409 | Lair:1   | Reached skill level 9 in Evocations
 16542 | Lair:1   | Reached skill level 7 in Fighting
 17193 | Lair:1   | Reached skill level 8 in Fighting
 17211 | Lair:1   | Reached skill level 10 in Evocations
 17412 | Lair:1   | Noticed a six-headed hydra
 17414 | Lair:1   | Killed a six-headed hydra
 17529 | Lair:1   | Received a gift from Pakellas
 18256 | Lair:2   | Reached skill level 9 in Fighting
 18478 | Lair:2   | Noticed Gastronok
 18492 | Lair:2   | Killed Gastronok
 18492 | Lair:2   | Reached skill level 11 in Evocations
 18501 | Lair:2   | Noticed Harold
 18526 | Lair:2   | Killed Harold
 19334 | Lair:3   | Reached skill level 10 in Fighting
 19761 | Lair:3   | Reached skill level 8 in Armour
 19965 | Lair:3   | Reached XP level 14. HP: 81/110 MP: 22/22
 20299 | Lair:2   | Noticed Nergalle
 21020 | Lair:4   | Reached skill level 12 in Evocations
 21061 | Lair:4   | Reached skill level 9 in Armour
 22226 | Lair:5   | Found a hole to the Spider Nest.
 22432 | Lair:5   | Reached skill level 10 in Armour
 22644 | Lair:5   | Found a staircase to the Shoals.
 23131 | Lair:6   | Reached skill level 3 in Dodging
 23272 | Lair:6   | Reached skill level 13 in Evocations
 23553 | Lair:6   | Reached skill level 4 in Dodging
 24315 | Lair:7   | Found a basalt altar of Yredelemnul.
 24472 | Lair:7   | Found a staircase to the Slime Pits.
 24610 | Lair:7   | Reached skill level 5 in Dodging
 25054 | Lair:7   | Received a gift from Pakellas
 25170 | Lair:7   | Noticed Snorg
 25177 | Lair:7   | Reached XP level 15. HP: 115/115 MP: 9/25
 25193 | Lair:7   | Killed Snorg
 25585 | Lair:7   | Reached skill level 14 in Evocations
 25634 | Lair:7   | Reached skill level 6 in Dodging
 25657 | Lair:7   | Reached skill level 7 in Dodging
 25688 | Lair:8   | Entered Level 8 of the Lair of Beasts
 25844 | Lair:8   | Reached skill level 8 in Dodging
 26625 | Lair:8   | Reached skill level 9 in Dodging
 27538 | Lair:8   | Found a burning altar of Makhleb.
 28237 | Lair:8   | Found a gateway to Hell.
 28587 | Lair:2   | Killed Nergalle
 28795 | Lair:2   | Reached skill level 11 in Armour
 29914 | Orc:1    | Killed a stone giant
 29914 | Orc:1    | Reached XP level 16. HP: 123/123 MP: 26/26
 30134 | Orc:2    | Found Efeckenn's Antique Armour Shoppe.
 30135 | Orc:2    | Found Pulocso's Weapon Emporium.
 30280 | Orc:2    | Reached skill level 12 in Armour
 30568 | Orc:2    | Found a staircase to the Elven Halls.
 30649 | Orc:2    | Found Hetanyny's Jewellery Shoppe.
 30651 | Orc:2    | Found Cunaedi's Food Shop.
 30785 | Orc:2    | Bought a pair of runed boots for 144 gold pieces
 31196 | Orc:2    | Bought an uncursed amulet of regeneration for 420 gold pieces
 31593 | D:12     | Noticed Erolcha
 31602 | D:12     | Killed Erolcha
 33286 | D:14     | Received a gift from Pakellas
 33460 | D:14     | Reached skill level 15 in Maces & Flails
 33626 | D:14     | Reached skill level 15 in Evocations
 33657 | D:14     | Found a gate to the Vaults.
 34123 | D:15     | Entered Level 15 of the Dungeon
 34354 | D:15     | Noticed Kirke
 34365 | D:15     | Noticed a sphinx
 34368 | D:15     | Noticed a sphinx
 34406 | D:15     | Killed Kirke
 34406 | D:15     | Reached XP level 17. HP: 122/129 MP: 28/28
 34411 | D:15     | Reached skill level 16 in Maces & Flails
 34590 | D:15     | Reached skill level 11 in Fighting
 34621 | D:15     | Noticed Agnes
 34628 | D:15     | Killed Agnes
 35043 | D:15     | Found a staircase to the Depths.
 35460 | Orc:2    | Bought an uncursed ring of poison resistance for 280 gold pieces
 35749 | Lair:4   | Reached skill level 12 in Fighting
 36688 | Spider:1 | Entered Level 1 of the Spider Nest
 37340 | Spider:1 | Reached skill level 13 in Armour
 37969 | Spider:2 | Reached skill level 16 in Evocations
 38533 | Spider:2 | Reached XP level 18. HP: 142/142 MP: 30/30
 38618 | Spider:2 | Received a gift from Pakellas
 38803 | Spider:3 | Reached skill level 14 in Armour
 39469 | Spider:4 | Entered Level 4 of the Spider Nest
 39933 | Spider:4 | Reached skill level 17 in Evocations
 40420 | Spider:4 | Reached skill level 15 in Armour
 41232 | Spider:4 | Got a gossamer rune of Zot
 41402 | Shoals:1 | Entered Level 1 of the Shoals
 41818 | Shoals:1 | Reached XP level 19. HP: 148/148 MP: 31/31
 41879 | Shoals:1 | You fall through a shaft!
 41965 | Shoals:2 | Reached skill level 16 in Armour
 41978 | Shoals:2 | Noticed Nikola
 41982 | Shoals:2 | Found a basalt altar of Yredelemnul.
 41984 | Shoals:2 | Killed Nikola
 41984 | Shoals:2 | Reached skill level 18 in Evocations
 42430 | Shoals:2 | Found Micwiel's Food Shoppe.
 42923 | Shoals:2 | Reached skill level 13 in Fighting
 43171 | Shoals:3 | Noticed Ilsuiw
 43297 | Shoals:3 | Killed Ilsuiw
 43541 | Shoals:3 | Received a gift from Pakellas
 43847 | Shoals:4 | Entered Level 4 of the Shoals
 44121 | Shoals:4 | Got a shimmering chain mail
 44122 | Shoals:4 | Identified the +3 chain mail of the Illusory Ghosts {rF- Str+3 Dex+4} (You found it on level 4 of the Shoals)
 44201 | Shoals:4 | Reached skill level 14 in Fighting
 44413 | Shoals:4 | Reached skill level 19 in Evocations
 44469 | Shoals:4 | Got a barnacled rune of Zot
 44715 | Shoals:4 | Reached XP level 20. HP: 148/160 MP: 33/33
 45703 | Lair:2   | Reached skill level 15 in Fighting
 45858 | Elf:1    | Entered Level 1 of the Elven Halls
 45955 | Elf:1    | You fall through a shaft!
 46250 | Elf:2    | Found a huge runed gate.
 46251 | Elf:2    | Found a huge runed gate.
 46252 | Elf:2    | Found a huge runed gate.
 46253 | Elf:2    | Found a huge runed gate.
 46254 | Elf:2    | Found a huge runed gate.
 46927 | Elf:1    | Reached skill level 17 in Armour
 46939 | Elf:1    | Reached skill level 20 in Evocations
 47050 | Elf:1    | Reached skill level 10 in Dodging
 47427 | Elf:1    | Identified the Collected Works on Attacks (You found it on level 1 of the Elven Halls)
 47577 | Elf:1    | Reached skill level 11 in Dodging
 48101 | Elf:2    | Reached XP level 21. HP: 162/168 MP: 35/35
 48274 | Elf:2    | Reached skill level 12 in Dodging
 48994 | Elf:2    | Noticed Asterion
 49013 | Elf:2    | Killed Asterion
 49543 | Elf:3    | Entered Level 3 of the Elven Halls
 49571 | Elf:3    | Found a flickering gateway to a bazaar.
 49589 | Bazaar   | Entered a bazaar
 49589 | Bazaar   | Found Wopum's Magic Scroll Emporium.
 49595 | Bazaar   | Found Vesawun's Assorted Antiques.
 49606 | Bazaar   | Found Sedeomp's Armour Shoppe.
 49642 | Bazaar   | Found Xufid's Armour Emporium.
 49650 | Bazaar   | Bought the +2 cloak of the Thief {+Fog Slay-2 SInv Stlth+} for 551 gold pieces
 49679 | Bazaar   | Bought a scroll of enchant armour for 135 gold pieces
 49679 | Bazaar   | Bought a scroll of enchant weapon for 135 gold pieces
 49679 | Bazaar   | Bought a scroll of enchant weapon for 135 gold pieces
 49690 | Bazaar   | Bought a potion of heal wounds for 105 gold pieces
 49690 | Bazaar   | Bought a potion of heal wounds for 105 gold pieces
 49708 | Bazaar   | Bought a glowing garnet ring for 105 gold pieces
 49708 | Bazaar   | Bought a scroll of fog for 42 gold pieces
 49708 | Bazaar   | Bought a scroll of enchant weapon for 157 gold pieces
 49754 | Bazaar   | Bought a scroll of identify for 36 gold pieces
 49754 | Bazaar   | Bought a scroll of identify for 36 gold pieces
 49754 | Bazaar   | Bought a scroll of identify for 36 gold pieces
 49754 | Bazaar   | Bought 2 scrolls of identify for 72 gold pieces
 49832 | Elf:3    | Reached skill level 13 in Dodging
 51059 | Elf:3    | Reached skill level 14 in Dodging
 51495 | Elf:3    | Received a gift from Pakellas
 52066 | Elf:3    | Reached skill level 15 in Dodging
 52180 | Elf:3    | Reached XP level 22. HP: 119/175 MP: 36/36
 53544 | Vaults:1 | Entered Level 1 of the Vaults
 55015 | Vaults:1 | Noticed Saint Roka
 55042 | Vaults:1 | Killed Saint Roka
 55258 | Vaults:1 | Found a glowing golden altar of the Shining One.
 55923 | Vaults:2 | Reached skill level 16 in Fighting
 56206 | Vaults:2 | Found a flickering gateway to a bazaar.
 56234 | Bazaar   | Entered a bazaar
 56234 | Bazaar   | Found Esill's Food Boutique.
 56234 | Bazaar   | Found Kubress's Assorted Antiques.
 56375 | Bazaar   | Found Goucapt's Armour Shop.
 56377 | Bazaar   | Found Buipykiw's Armour Shop.
 56393 | Bazaar   | Bought a +2 pair of gloves for 181 gold pieces
 56573 | Vaults:2 | Reached skill level 21 in Evocations
 56598 | Vaults:2 | Reached XP level 23. HP: 177/186 MP: 37/37
 56647 | Vaults:2 | Noticed Jorgrun
 56664 | Vaults:2 | Killed Jorgrun
 57071 | Vaults:2 | Reached skill level 17 in Fighting
 57164 | Vaults:2 | Received a gift from Pakellas
 58169 | Vaults:3 | Found Rosimn's Magic Scroll Boutique.
 58180 | Vaults:3 | Bought a scroll of enchant armour for 105 gold pieces
 58180 | Vaults:3 | Bought a scroll of fog for 28 gold pieces
 58548 | Vaults:3 | Reached skill level 22 in Evocations
 59276 | Vaults:3 | Found a staircase to the Crypt.
 59872 | Vaults:4 | Found Wiofih's Armour Boutique.
 60100 | Vaults:4 | Reached skill level 23 in Evocations
 60314 | Vaults:4 | Reached XP level 24. HP: 174/195 MP: 38/38
 60468 | Vaults:4 | Found Nitixom's Distillery.
 60471 | Vaults:4 | Bought a potion of might for 64 gold pieces
 60471 | Vaults:4 | Bought a potion of cancellation for 128 gold pieces
 60471 | Vaults:4 | Bought a potion of might for 64 gold pieces
 60471 | Vaults:4 | Bought a potion of might for 64 gold pieces
 60471 | Vaults:4 | Bought a potion of might for 64 gold pieces
 60471 | Vaults:4 | Bought a potion of resistance for 160 gold pieces
 60503 | Vaults:4 | Found Efentisats's Weapon Emporium.
 60660 | Vaults:4 | Found Oveolata's Antique Weapon Shoppe.
 61209 | Vaults:4 | Got a faintly glowing plate armour
 61210 | Vaults:4 | Identified the +7 plate armour of a bailey {-Cast MR++ Int+10} (You took it off a vault warden on level 4 of the Vaults)
 61513 | Vaults:4 | Found Usihuor's Magic Scroll Emporium.
 61520 | Vaults:4 | Bought a scroll of fog for 28 gold pieces
 61520 | Vaults:4 | Bought a scroll of magic mapping for 49 gold pieces
 61520 | Vaults:4 | Bought a scroll of recharging for 133 gold pieces
 62273 | Depths:1 | Entered Level 1 of the Depths
 62292 | Depths:1 | Found a one-way gate to the infinite horrors of the Abyss.
 62507 | Depths:1 | Reached skill level 24 in Evocations
 62564 | Depths:1 | Received a gift from Pakellas
 62717 | Depths:1 | Found Uggapyuph's Food Shoppe.
 62788 | Depths:1 | Found a one-way gate leading to the halls of Pandemonium.
 63294 | Depths:2 | Noticed Mara
 63340 | Depths:1 | Killed Mara
 64025 | Depths:2 | Reached skill level 25 in Evocations
 64588 | Depths:3 | Reached XP level 25. HP: 201/201 MP: 39/39
 64651 | Depths:3 | Found a gateway to a ziggurat.
 65279 | Depths:3 | Reached skill level 26 in Evocations
 66370 | Depths:3 | Noticed an iron giant
 66387 | Depths:3 | Reached skill level 27 in Evocations
 66394 | Depths:3 | Killed an iron giant
 66873 | Depths:3 | Reached XP level 26. HP: 153/210 MP: 40/40
 67287 | Depths:3 | Reached skill level 18 in Fighting
 67373 | Depths:3 | Received a gift from Pakellas
 67660 | Depths:3 | Found Unwo's Magic Scroll Boutique.
 67660 | Depths:3 | Found Usoerch's Weapon Emporium.
 67661 | Depths:3 | Found Akhlog's Food Shoppe.
 67661 | Depths:3 | Found Yrritt's Food Boutique.
 68347 | Depths:4 | Found a shimmering altar of Xom.
 69126 | Depths:4 | Reached skill level 18 in Armour
 69855 | Depths:5 | Entered Level 5 of the Depths
 69921 | Depths:5 | Found a flickering gateway to a bazaar.
 69933 | Bazaar   | Entered a bazaar
 69978 | Bazaar   | Found Bech's Magic Scroll Shoppe.
 70038 | Bazaar   | Found Quvy's Jewellery Shoppe.
 70077 | Bazaar   | Found Gonoronlu's Gadget Shoppe.
 70144 | Bazaar   | Found Riuqotul's Gadget Boutique.
 70444 | Bazaar   | Bought a cursed +2 rod of shadows (11/11) for 810 gold pieces
 70480 | Bazaar   | Bought an uncursed ring of protection from fire for 250 gold pieces
 70480 | Bazaar   | Bought a +4 ring of protection for 360 gold pieces
 70532 | Bazaar   | Bought a scroll of fog for 24 gold pieces
 70532 | Bazaar   | Bought a scroll of magic mapping for 42 gold pieces
 70595 | Bazaar   | Identified a +10 rod of shadows (18/18) (supercharged by Pakellas)
 70772 | Depths:5 | Found Wecorelu's Food Shoppe.
 70861 | Depths:5 | Reached skill level 19 in Fighting
 70939 | Depths:5 | Found Zimulel's Weapon Emporium.
 71299 | Depths:5 | Found Bifyer's Food Boutique.
 71906 | Depths:5 | Found a gate to the Realm of Zot.
 72168 | Depths:5 | Reached XP level 27. HP: 220/224 MP: 40/40
 72246 | Depths:5 | Reached skill level 20 in Fighting
 73004 | Crypt:1  | Entered Level 1 of the Crypt
 73077 | Crypt:1  | Reached skill level 19 in Armour
 73839 | Crypt:1  | Reached skill level 16 in Dodging
 74372 | Crypt:2  | Noticed Jory
 74400 | Crypt:2  | Killed Jory
 74483 | Crypt:2  | Received a gift from Pakellas
 74881 | Crypt:2  | Reached skill level 17 in Dodging
 75266 | Crypt:3  | Entered Level 3 of the Crypt
 75593 | Crypt:3  | Found a staircase to the Tomb.
 75693 | Crypt:3  | Reached skill level 18 in Dodging
 76425 | Crypt:3  | Found a basalt altar of Yredelemnul.
 76575 | Crypt:3  | Identified the Collected Works on Stolen Souls (You found it on level 3 of the Crypt)
 76651 | Crypt:3  | Reached skill level 19 in Dodging
 77361 | Vaults:5 | Entered Level 5 of the Vaults
 77641 | Vaults:4 | Reached skill level 20 in Armour
 77751 | Vaults:5 | Reached skill level 20 in Dodging
 77754 | Vaults:5 | Noticed Margery
 77774 | Vaults:5 | Killed Margery
 77781 | Vaults:5 | Killed from afar by a necromancer

Vault maps used:
D:1:      lightli_arrival_farm, minmay_surrounded
D:2:      ecumenical_altar_1
D:3:      grunt_qazlal_sundering, st_stairs_8
D:4:      uniq_natasha, uniq_menkaure, uniq_pikel
D:5:      kennysheep_spiral_hall, minmay_temple_entry_glassed_door, first_bread,
          nicolae_ru_path_of_blood
D:6:      kennysheep_orc_sif_temple
D:8:      minmay_lair_entry_grove
D:9:      zin_statuary, uniq_erica
D:11:     orc_0_dummy, hangedman_little_slice_of_home, uniq_grum
D:12:     uniq_erolcha
D:13:     kennysheep_boxes
D:14:     grunt_vaults_entry_tiered, infiniplex_staircase_pool_1
D:15:     hangedman_depths_entry_civil_slaughter, corexii_leaking_fountain,
          uniq_agnes, uniq_kirke
Temple:   nicolae_temple_no_exploring_needed
Lair:1:   infiniplex_staircase_pool_2, lemuel_fruit_tree, grunt_megastairs_2,
          lemuel_fruit_fields
Lair:2:   special_room, grunt_megastairs_5, serial_bayou_shore_a,
          infiniplex_staircase_pool, uniq_harold, uniq_nergalle, uniq_gastronok
Lair:4:   dpeg_oklob_1, grunt_megastairs_4
Lair:5:   elwin_shoals_entry_rooms, nicolae_spider_entry_non_spiders,
          small_statue_intersection
Lair:7:   minmay_slime_entry_oklob_open, basic_altar,
          nicolae_quartered_pool_super, uniq_snorg
Lair:8:   evil_forest
Shoals:2: serial_shops, nicolae_shop_stone, lemuel_oklob_altar, uniq_nikola
Shoals:3: uniq_ilsuiw
Shoals:4: shoals_end_grunt_ice, shoal_ilsuiw
Spider:2: worms_lemuel
Spider:3: nicolae_looking_at_the_future
Spider:4: grunt_spider_rune_circles, nicolae_orb_stairs
Orc:1:    mumra_transporter_accident
Orc:2:    st_orc_open
Elf:1:    eino_elf_arrival_shootout, minmay_elf_annihilation, minivault_26
Elf:2:    roderic_lattice_octagonal_star, uniq_asterion
Elf:3:    elf_hall, serial_shops, bzr_in_the_mist
Vaults:1: nicolae_vaults_angled_halls, hangedman_vaults_restitches,
          hangedman_vaults_unwind, vaults_standard_mumra_enter_the_diamond,
          vaults_mumra_chevron, v_pattern_5, hangedman_vaults_stagger,
          ontoclasm_vaults_loading_screen, ontoclasm_vaults_loading_screen,
          basic_altar, uniq_saint_roka
Vaults:2: v_rooms_6, nicolae_vaults_alarming, st_diamondy, v_misc_19,
          vaults_standard_mumra_lines, grunt_vaults_diagonal,
          ontoclasm_vaults_twist, nicolae_vaults_stairing_the_circle,
          nicolae_vaults_ring_of_whatevers, ontoclasm_vaults_eye,
          v_alt_pattern_3, v_misc_1, nicolae_vaults_circle_grid_a,
          ontoclasm_vaults_ligature, v_misc_15, serial_shops, freezing_bzr,
          uniq_jorgrun
Vaults:3: minmay_crypt_entry_simple_plaza, vaults_dpeg_doors,
          nicolae_vaults_circle_grid_a, st_smaller_cells, v_misc_14,
          hangedman_vaults_maws, grunt_vaults_funnel, hangedman_vaults_impose,
          v_misc_28, hangedman_vaults_slice, vaults_room_fours,
          nicolae_vaults_yaktaur_gun_rack, serial_shops,
          nicolae_shop_window_shopping
Vaults:4: v_misc_28, v_misc_8, v_misc_12, v_pattern_3,
          nicolae_vaults_what_the_h, ontoclasm_vaults_ring_square,
          ontoclasm_vaults_ring_large, v_misc_23, st_squares, v_alt_pattern_3,
          hangedman_vaults_slice, vaults_standard_mumra_enter_the_diamond,
          v_misc_14, vaults_dpeg_ring, serial_ice_g, serial_shops, shop,
          nicolae_shop_window_shopping, nicolae_shop_crystal, shop,
          nicolae_shop_behind_doors
Vaults:5: serial_shops, uniq_margery
Crypt:1:  grunt_crypt_arrival_split
Crypt:2:  st_stairs_10, uniq_jory
Crypt:3:  church_of_pain_bobbens
Depths:1: serial_shops, nicolae_shop_statue_plus, abyss_entry,
          minmay_misc_feat_diagonals, rand_demon_pan_entry_9, pf_coc_iceberg,
          kb_rosetta
Depths:2: minmay_dotted_concentric_squares, abyss_entry, hellmouth_1,
          evilmike_butchery, infiniplex_staircase_x, uniq_mara
Depths:3: hangedman_box_tower, enter_ziggurat_e, pf_hell_entry_tar_river,
          minmay_misc_feat_hallway, hangedman_abyss_entry_splay,
          grunt_pan_entry_spiral, infiniplex_staircase_zigzag_2, firewood_loft
Depths:4: kennysheep_bubbly, abyss_entry_crystal, grunt_hell_horde,
          minmay_parallelograms, stair_cage_line, xom_teletrap_fun
Depths:5: grunt_zot_entry_bicorn, serial_sigils, serial_sigils_hangedman_leer,
          serial_sigils_hangedman_etch, serial_sigils_hangedman_stare,
          serial_sigils_hangedman_shear, serial_sigils_hangedman_quiver,
          serial_shops, bzr_entry_dummy, nicolae_shop_trees, shop, shop,
          hell_entry, grunt_decor_arrowhead
Bazaar:   bazaar_kb_twisted_cavern, bazaar_kb_twisted_cavern,
          bazaar_minmay_generic_d

Vanquished Creatures
  Mara
  An iron giant Margery Saint Roka
  3 golden dragons Jory Nikola
  A bone dragon
  4 liches Jorgrun
  9 tentacled monstrosities
  A shard shrike skeleton
  2 deep elf blademasters
  2 deep elf master archers Asterion
  2 titans
  A quicksilver dragon
  4 sphinxes
  6 ancient champions
  3 tengu reavers
  5 shadow dragons Gastronok
  4 storm dragons Kirke Agnes
  3 revenants
  A draconian monk Ilsuiw
  11 frost giants
  9 emperor scorpions
  8 fire giants
  3 iron dragons
  15 vault wardens
  11 deep elf sorcerers
  3 ghost moths
  A curse skull
  4 deep elf elementalists
  4 ghouls
  26 stone giants
  A spriggan defender
  2 draconian callers
  5 ironheart preservers
  16 very ugly things
  2 salamander stormcallers
  A red draconian
  A mottled draconian
  28 vampire knights
  6 deep elf demonologists
  2 dire elephants
  9 deep elf annihilators
  A purple draconian
  A white draconian
  21 spark wasps
  14 ettins
  8 merfolk impalers
  8 merfolk javelineers Snorg
  6 eidola
  7 fire dragons
  A quicksilver dragon zombie
  10 deep elf death magi
  29 vault guards
  15 jiangshi
  A hydra (shapeshifter)
  14 yaktaur captains
  5 deep elf high priests
  8 ogre magi Harold
  16 ice dragons Erolcha
  10 great orbs of eyes
  A hell beast
  3 rakshasas
  7 hydras
  6 entropy weavers
  A catoblepas
  7 spriggan air magi
  2 merfolk avatars
  3 alligator snapping turtles
  6 merfolk aquamancers Erica
  A satyr
  10 centaur warriors
  An anaconda (shapeshifter)
  31 dancing weapons
  18 death yaks
  5 death knights
  5 tengu warriors
  4 deep troll shamans
  2 orc high priests
  13 vampire magi
  12 deep troll earth magi
  2 hell hogs
  10 spriggan berserkers
  2 soul eaters
  3 spriggans
  31 deep elf knights Nergalle
  An iron troll
  A storm dragon zombie
  60 skeletal warriors
  7 shadow wraiths
  A ghost moth zombie
  3 fire crabs
  3 hell knights
  13 sea snakes
  A storm dragon skeleton
  An unseen horror (shapeshifter)
  A spark wasp zombie
  25 deep trolls
  A deep troll (shapeshifter)
  3 giant orange brains
  2 flayed ghosts
  27 deep elf archers
  13 ironbrand convokers Pikel
  A lindwurm
  A shadow dragon zombie
  A wolf spider zombie
  54 ugly things
  22 harpies
  A harpy (shapeshifter)
  8 hill giants
  16 orc knights
  9 necromancers
  97 deep elf magi
  An anaconda skeleton
  22 orb spiders
  2 iron dragon zombies
  31 phantasmal warriors
  34 wolf spiders
  5 hornets
  6 wizards
  A mana viper (shapeshifter)
  2 shadow dragon skeletons
  A cyclops (shapeshifter)
  A griffon (shapeshifter)
  A faun (shapeshifter)
  A salamander
  An apis zombie
  A frost giant zombie
  5 fauns
  10 oklob plants
  9 manticores
  18 griffons
  4 orc sorcerers
  13 cyclopes
  A hornet (shapeshifter)
  A dire elephant zombie
  5 moths of wrath
  A stone giant skeleton
  An iron dragon skeleton
  4 stone giant zombies
  10 sirens
  2 fire giant zombies
  A fire giant skeleton
  A smoke demon
  17 vault sentinels
  8 water nymphs
  9 elephants
  5 black mambas
  A torpor snail (shapeshifter)
  A water nymph (shapeshifter)
  5 spectral swamp worms
  2 gargoyles
  A dire elephant skeleton
  22 spiny frogs
  2 centaur skeletons
  A shock serpent skeleton
  A torpor snail
  3 rime drakes
  A komodo dragon (shapeshifter)
  An orange demon
  2 kobold demonologists
  9 demonic crawlers
  4 ice devils
  A yaktaur (shapeshifter)
  10 komodo dragons
  2 hellwings
  69 yaktaurs
  4 freezing wraiths
  2 tengu conjurers
  A grey draconian skeleton
  2 queen bees
  A catoblepas skeleton
  2 polar bears
  A troll (shapeshifter)
  15 trolls
  A green draconian skeleton
  3 wind drakes
  31 merfolk
  A merfolk (shapeshifter)
  33 jumping spiders
  2 ice dragon zombies
  13 two-headed ogres
  2 raiju (shapeshifter)
  4 snapping turtles
  32 blink frogs
  23 slime creatures
  2 alligator zombies
  A bog body
  A boulder beetle
  A frost giant simulacrum
  A satyr zombie
  A fire dragon zombie
  2 ettin zombies
  A black mamba zombie
  12 flying skulls
  A fire dragon skeleton
  2 stone giant simulacra
  71 redbacks
  14 wraiths
  39 yaks
  An ettin skeleton
  A vampire
  11 air elementals
  20 tarantellas
  2 shadows
  15 water elementals
  A salamander simulacrum
  3 hogs
  A satyr skeleton
  4 wyverns
  21 humans
  7 basilisks
  6 fire elementals Grum
  A human simulacrum
  3 hungry ghosts
  15 hippogriffs
  A hippogriff (shapeshifter)
  Menkaure
  4 vampire mosquitoes
  A gelid demonspawn zombie
  3 mottled dragons
  13 wargs
  11 swamp worms
  A naga (shapeshifter)
  A merfolk zombie
  A gelid demonspawn skeleton
  A soldier ant
  A spiny frog zombie
  21 water moccasins
  5 ice beasts
  18 porcupines
  46 orc warriors
  A water nymph skeleton
  A human zombie
  12 hell hounds
  5 sky beasts
  2 spiny frog skeletons
  4 slaves
  3 black bears
  A swamp dragon zombie
  6 wasps
  A black bear (shapeshifter)
  A deep troll simulacrum
  An ice beast (shapeshifter)
  3 phantoms
  2 necrophages
  2 eyes of draining
  An ice dragon simulacrum
  2 snapping turtle zombies
  A manticore zombie
  43 ogres
  14 centaurs
  A fire dragon simulacrum
  9 wolves
  23 crocodiles
  A big kobold
  A gnoll sergeant
  2 earth elementals
  24 giant frogs
  A giant frog (shapeshifter)
  A wyvern zombie
  A draconian skeleton
  2 wyvern skeletons
  7 scorpions
  3 water moccasin skeletons
  An elf simulacrum
  43 killer bees
  21 wights
  6 electric eels
  7 howler monkeys
  A spriggan skeleton
  2 lava snakes
  7 crimson imps
  2 giant frog zombies
  2 iron imps
  A black bear zombie
  3 centaur zombies
  12 jellies
  25 orc priests
  A gnoll shaman
  6 hounds
  A giant frog skeleton
  A two-headed ogre skeleton Natasha (thrice)
  14 iguanas
  22 orc wizards
  14 worker ants
  28 sheep
  A dwarf skeleton
  A naga skeleton
  A tengu skeleton
  6 gnolls
  72 river rats
  A steam dragon zombie
  11 adders
  5 shadow imps
  5 oozes
  2 adder skeletons
  A sheep skeleton
  15 worms
  5 dart slugs
  3 giant geckos
  109 orcs
  5 bats
  5 giant cockroaches
  10 hobgoblins
  16 jackals
  11 kobolds
  6 quokkas
  5 ball pythons
  3 giant newts
  7 goblins
  A hobgoblin zombie
  A jackal skeleton
  A quokka zombie
  4 rats
  2 crawling corpses
  3 fire vortices
  22 fungi
  8 lost souls
  29 plants
2690 creatures vanquished.
